[ AOE2 MATCH · #466159202 ]
UnrankedJapanese vs Dravidians
Player's team · WIN
[ REPLAY ANALYSIS · EXTRACTED FROM THE RECORDED GAME ]
Feudal
15:24
Castle
19:17
Imperial
—
| APM avg | 26.9 |
| APM peak | 44 |
| eAPM avg | 13.6 |
| Villagers / military | 50 / 24 |
Focus
⚔️ 31.7% · 🌾 68.3%
Samurai ×18 · Fishing Ship ×13 · Battering Ram ×5 · Unknown (2626) ×4 · Mangonel ×1
Feudal
13:48
Castle
22:01
Imperial
—
| APM avg | 41.0 |
| APM peak | 85 |
| eAPM avg | 22.7 |
| Villagers / military | 79 / 21 |
Focus
⚔️ 16.9% · 🌾 83.1%
Fishing Ship ×17 · Militia ×12 · Archer ×9 · Unknown (2626) ×2
Match map
Initial resources + every placement click. Lines = walls · curves = elevation contours. ◆ gold · ⬟ stone · ● berries · ✦ relic · ◌ wall gap
Your base· Open — 5t gap
Necrocat219's base· Open — unwalled flank
Smoothed initial terrain · ◌ = detected wall gap · hover for details
Inputs per minute
— Red Horse - - Necrocat219
Build order — Red Horse
109 actions detected in the replay
| 0:22 | Build | Town Center |
| 0:37 | Build | Dock |
| 0:43 | Build | House |
| 2:29 | Create | Villager (Male) ×4 |
| 3:20 | Create | Villager (Male) |
| 3:20 | Create | Villager (Male) |
| 4:17 | Create | Fishing Ship |
| 4:23 | Create | Villager (Male) |
| 4:47 | Build | House |
| 5:10 | Research | Loom |
| 5:18 | Create | Fishing Ship |
| 5:34 | Create | Villager (Male) |
| 6:05 | Build | House |
| 6:21 | Create | Villager (Male) |
| 6:42 | Build | Outpost |
| 6:54 | Create | Villager (Male) |
| 7:13 | Create | Fishing Ship ×3 |
| 7:27 | Create | Villager (Male) |
| 7:47 | Create | Villager (Male) |
| 8:11 | Create | Villager (Male) |
| 8:42 | Create | Villager (Male) |
| 8:49 | Build | House |
| 9:03 | Create | Villager (Male) |
| 9:15 | Create | Villager (Male) |
| 9:39 | Create | Fishing Ship |
| 10:18 | Build | Dock |
| 10:20 | Create | Villager (Male) |
| 10:21 | Create | Villager (Male) |
| 10:30 | Build | House |
| 10:40 | Build | House |
| 11:06 | Create | Fishing Ship |
| 11:06 | Create | Fishing Ship |
| 11:25 | Build | Mill |
| 11:34 | Create | Villager (Male) |
| 11:34 | Create | Villager (Male) |
| 11:34 | Create | Villager (Male) |
| 12:07 | Create | Villager (Male) |
| 12:31 | Create | Villager (Male) |
| 12:31 | Create | Villager (Male) |
| 12:47 | Create | Fishing Ship |
| 12:56 | Create | Fishing Ship |
| 13:06 | Research | Feudal Age |
| 13:25 | Build | Mining Camp |
| 15:04 | Create | Villager (Male) |
| 15:04 | Create | Villager (Male) |
| 15:24 | Age | Feudal Age |
| 15:26 | Research | Town Watch |
| 15:27 | Create | Villager (Male) |
| 15:27 | Create | Villager (Male) |
| 15:51 | Build | Market |
| 15:57 | Build | Blacksmith |
| 16:06 | Research | Horse Collar |
| 16:37 | Research | Castle Age |
| 16:48 | Research | Fletching |
| 16:59 | Build | Watch Tower |
| 17:11 | Create | Villager (Male) |
| 17:11 | Create | Villager (Male) |
| 17:40 | Build | Watch Tower |
| 17:48 | Create | Villager (Male) |
| 17:48 | Create | Villager (Male) |
| 18:01 | Build | House |
| 18:12 | Build | Dock |
| 18:32 | Create | Villager (Male) |
| 18:32 | Create | Villager (Male) |
| 19:17 | Age | Castle Age |
| 19:31 | Build | House |
| 19:32 | Build | House |
| 19:40 | Research | Wheelbarrow |
| 20:10 | Build | Castle |
| 21:41 | Build | Siege Workshop |
| 21:43 | Create | Samurai |
| 21:52 | Build | Mining Camp |
| 21:55 | Create | Villager (Male) ×5 |
| 21:57 | Create | Villager (Male) ×5 |
| 22:32 | Build | Lumber Camp |
| 22:50 | Create | Mangonel |
| 23:22 | Create | Fishing Ship |
| 23:39 | Create | Samurai |
| 23:39 | Create | Samurai |
| 23:40 | Create | Samurai |
| 24:58 | Create | Battering Ram |
| 24:58 | Create | Battering Ram |
| 24:59 | Create | Battering Ram |
| 25:40 | Create | Unit 2626 |
| 25:41 | Create | Unit 2626 |
| 25:52 | Create | Villager (Male) |
| 25:52 | Create | Villager (Male) |
| 25:52 | Create | Villager (Male) |
| 25:52 | Create | Villager (Male) |
| 26:03 | Create | Samurai ×4 |
| 26:40 | Research | War Galley (upgrade) |
| 27:12 | Create | Fishing Ship |
| 27:12 | Create | Fishing Ship |
| 27:22 | Build | House |
| 27:24 | Create | Battering Ram |
| 27:28 | Create | Samurai |
| 27:28 | Create | Samurai |
| 27:49 | Create | Unit 2626 |
| 27:49 | Create | Unit 2626 |
| 28:10 | Build | House |
| 28:10 | Build | House |
| 28:11 | Build | House |
| 28:12 | Build | House |
| 28:29 | Create | Samurai ×4 |
| 29:06 | Create | Villager (Male) |
| 29:06 | Create | Villager (Male) |
| 29:15 | Create | Samurai ×4 |
| 30:09 | Create | Battering Ram |
| 30:34 | Research | Double-Bit Axe |
Build order — Necrocat219
First 150 of 181 actions detected
| 0:05 | Build | House |
| 0:41 | Build | Town Center |
| 1:20 | Build | Dock |
| 1:34 | Build | House |
| 3:02 | Create | Villager (Male) |
| 3:02 | Create | Villager (Male) |
| 3:02 | Create | Villager (Male) |
| 3:03 | Create | Villager (Male) |
| 3:03 | Create | Villager (Male) |
| 4:45 | Create | Villager (Male) |
| 4:46 | Create | Villager (Male) |
| 4:46 | Create | Villager (Male) |
| 4:46 | Create | Villager (Male) |
| 5:52 | Create | Villager (Male) |
| 5:52 | Create | Villager (Male) |
| 5:53 | Create | Villager (Male) |
| 5:53 | Create | Villager (Male) |
| 6:42 | Create | Fishing Ship |
| 6:57 | Create | Villager (Male) |
| 6:58 | Create | Villager (Male) |
| 6:58 | Create | Villager (Male) |
| 7:34 | Create | Fishing Ship |
| 7:34 | Create | Fishing Ship |
| 7:59 | Create | Villager (Male) |
| 7:59 | Create | Villager (Male) |
| 8:03 | Create | Fishing Ship |
| 8:13 | Build | House |
| 8:32 | Create | Villager (Male) |
| 8:32 | Create | Villager (Male) |
| 8:46 | Create | Fishing Ship |
| 9:21 | Create | Villager (Male) |
| 9:21 | Create | Villager (Male) |
| 9:27 | Create | Fishing Ship |
| 9:28 | Create | Fishing Ship |
| 9:37 | Create | Villager (Male) |
| 9:37 | Create | Villager (Male) |
| 9:37 | Create | Villager (Male) |
| 9:52 | Create | Villager (Male) |
| 9:52 | Create | Villager (Male) |
| 9:53 | Create | Villager (Male) |
| 10:19 | Build | House |
| 10:24 | Build | House |
| 10:32 | Build | Barracks |
| 10:48 | Research | Loom |
| 10:48 | Create | Villager (Male) |
| 10:49 | Create | Villager (Male) |
| 10:49 | Create | Villager (Male) |
| 10:49 | Create | Villager (Male) |
| 10:49 | Create | Villager (Male) |
| 10:51 | Create | Fishing Ship |
| 10:51 | Create | Fishing Ship |
| 10:52 | Create | Fishing Ship |
| 11:14 | Build | Lumber Camp |
| 11:37 | Research | Feudal Age |
| 11:52 | Create | Fishing Ship |
| 11:53 | Create | Fishing Ship |
| 12:21 | Build | Mill |
| 12:24 | Create | Militia |
| 12:24 | Create | Militia |
| 12:25 | Create | Militia |
| 12:25 | Create | Militia |
| 13:05 | Build | Farm |
| 13:05 | Build | Farm |
| 13:12 | Create | Fishing Ship |
| 13:12 | Create | Fishing Ship |
| 13:12 | Create | Fishing Ship |
| 13:42 | Create | Villager (Male) |
| 13:42 | Create | Villager (Male) |
| 13:48 | Age | Feudal Age |
| 13:50 | Build | House |
| 13:51 | Build | House |
| 13:54 | Research | Man-at-Arms (upgrade) |
| 13:55 | Research | Arson |
| 14:03 | Create | Villager (Male) |
| 14:03 | Create | Villager (Male) |
| 14:03 | Create | Villager (Male) |
| 14:51 | Create | Militia |
| 14:51 | Create | Militia |
| 15:02 | Build | Farm |
| 15:03 | Build | Farm |
| 15:03 | Build | Farm |
| 15:03 | Build | Farm |
| 15:04 | Build | Farm |
| 15:04 | Build | Farm |
| 15:04 | Build | Farm |
| 15:14 | Create | Fishing Ship |
| 15:14 | Create | Fishing Ship |
| 15:22 | Build | House |
| 15:22 | Build | House |
| 15:22 | Build | House |
| 15:23 | Build | House |
| 15:58 | Create | Villager (Male) |
| 15:58 | Create | Villager (Male) |
| 15:58 | Create | Villager (Male) |
| 15:58 | Create | Villager (Male) |
| 16:07 | Build | Blacksmith |
| 16:11 | Create | Villager (Male) |
| 16:11 | Create | Villager (Male) |
| 16:47 | Create | Militia |
| 16:48 | Create | Militia |
| 16:48 | Create | Militia |
| 16:48 | Create | Militia |
| 16:50 | Create | Villager (Male) |
| 16:50 | Create | Villager (Male) |
| 16:50 | Create | Villager (Male) |
| 16:57 | Build | Farm |
| 16:58 | Build | Farm |
| 16:58 | Build | Farm |
| 16:58 | Build | Farm |
| 16:58 | Build | Farm |
| 16:59 | Build | Farm |
| 17:15 | Create | Villager (Male) |
| 17:15 | Create | Villager (Male) |
| 17:15 | Create | Villager (Male) |
| 17:39 | Build | Mining Camp |
| 18:41 | Build | Market |
| 18:44 | Research | Forging |
| 18:45 | Research | Scale Mail Armor |
| 18:53 | Create | Militia |
| 18:53 | Create | Militia |
| 19:10 | Research | Castle Age |
| 19:22 | Build | Lumber Camp |
| 19:48 | Build | Mining Camp |
| 19:52 | Create | Villager (Male) |
| 19:52 | Create | Villager (Male) |
| 19:52 | Create | Villager (Male) |
| 20:20 | Build | Watch Tower |
| 20:51 | Create | Villager (Male) |
| 20:52 | Create | Villager (Male) |
| 20:52 | Create | Villager (Male) |
| 21:19 | Create | Villager (Male) |
| 21:19 | Create | Villager (Male) |
| 22:01 | Age | Castle Age |
| 22:20 | Build | Castle |
| 22:35 | Create | Villager (Male) |
| 22:35 | Create | Villager (Male) |
| 22:35 | Create | Villager (Male) |
| 22:53 | Build | Mill |
| 22:58 | Create | Unit 2626 |
| 22:58 | Create | Unit 2626 |
| 23:20 | Create | Villager (Male) |
| 23:20 | Create | Villager (Male) |
| 23:20 | Create | Villager (Male) |
| 23:46 | Build | Archery Range |
| 23:51 | Build | Archery Range |
| 23:59 | Research | Fletching |
| 24:10 | Create | Villager (Male) |
| 24:11 | Create | Villager (Male) |
| 24:11 | Create | Villager (Male) |
| 24:29 | Create | Villager (Male) |
Match timeline
| 0:37 | Red Horse · first_building Dock |
| 1:20 | Necrocat219 · first_building Dock |
| 10:32 | Necrocat219 · first_building Barracks |
| 13:48 | Necrocat219 · age_up feudal |
| 15:24 | Red Horse · age_up feudal |
| 16:31 | Red Horse · first_market_sell 100 stone |
| 19:15 | Red Horse · first_market_buy 100 stone |
| 19:17 | Red Horse · age_up castle |
| 20:10 | Red Horse · first_building Castle |
| 21:41 | Red Horse · first_building Siege Workshop |
| 22:01 | Necrocat219 · age_up castle |
| 22:14 | Necrocat219 · first_market_buy 100 stone |
| 22:20 | Necrocat219 · first_building Castle |
| 23:46 | Necrocat219 · first_building Archery Range |
| 25:49 | Necrocat219 · first_market_sell 100 food |
| 30:48 | Necrocat219 · resign |
[ AI ANALYSIS · 1 CREDIT ]
What really happened in this match?
Wolo.gg analyzes every decision: build order, eco, micro, common mistakes by bracket. Personalized analysis on WhatsApp or Discord in 30 seconds.
Civ guide
Japanese
Perfil
Jugador #320579